 Dungeon Crawl Stone Soup version 0.22-a0-824-g1ca9aab89c (console) character file.

26434 Lexodia the Brawler (level 12, -8/111 HPs)
             Began as a Troll Chaos Knight on July 24, 2018.
             Mangled by a large abomination (28 damage)
             ... on level 2 of the Abyss.
             The game lasted 00:31:45 (9966 turns).

Lexodia the Brawler (Troll Chaos Knight)            Turns: 9966, Time: 00:31:45

Health: -8/111     AC:  9    Str: 27    XL:     12   Next: 98%
Magic:  9/9        EV: 27    Int:  8    God:    Xom [..*...]
Gold:   854        SH:  0    Dex: 14    Spells: 11/11 levels left

rFire    + . .     SeeInvis .     - Unarmed
rCold    . . .     Gourm    +   (no shield)
rNeg     . . .     Faith    .   O - +2 robe {rF+}
rPois    .         Spirit   .   (helmet restricted)
rElec    .         Reflect  .   (no cloak)
rCorr    .         Harm     .   (gloves unavailable)
MR       .....     Rnd*Rage +   (boots unavailable)
Stlth    ++........             v - amulet of regeneration
HPRegen  1.08/turn              y - +5 ring of evasion
MPRegen  0.11/turn              j - +5 ring of evasion

@: confused, agile, lethally poisoned (-8 -> -10), weakened, berserk cooldown,
slowed, very slow
A: large, unfitting armour, antennae 1, claws 3, fangs 1, thin metallic scales
1, berserk 1, fast metabolism 3, frail 1, gourmand, low mp 1, regeneration 1,
shaggy fur 1, tough skin 2
a: Renounce Religion


You were on level 2 of the Abyss.
You worshipped Xom.
You were a toy of Xom.
You were very full.

You visited 3 branches of the dungeon, and saw 15 of its levels.
You visited the Abyss 1 time.
You also visited: Volcano.

You collected 854 gold pieces.

Inventory:

Missiles
 M - 2 large rocks (quivered)
Armour
 a - a +2 robe
 H - a +0 plate armour
 O - a +2 robe of fire resistance (worn)
Jewellery
 h - an uncursed ring of magical power
 j - a +5 ring of evasion (right claw)
 m - an uncursed ring of positive energy
 o - an uncursed amulet of guardian spirit
 v - an amulet of regeneration (around neck)
 w - an uncursed ring of positive energy
 y - a +5 ring of evasion (left claw)
 K - an uncursed ring of ice
Wands
 x - a wand of digging (13)
 z - a wand of polymorph (20)
 A - a wand of scattershot (11)
 B - a wand of clouds (1)
 D - a wand of flame (58)
 E - a wand of paralysis (15)
 P - a wand of acid (3)
Scrolls
 c - 10 scrolls of remove curse
 e - a scroll of immolation
 k - a scroll of enchant weapon
 p - a scroll of blinking
 q - 3 scrolls of fog
 r - a scroll of magic mapping
 s - 2 scrolls of identify
 t - 4 scrolls of teleportation
 C - a scroll of brand weapon
 F - a scroll of summoning
 I - a scroll of vulnerability
 J - 2 scrolls of amnesia
Potions
 d - 2 potions of heal wounds
 f - a potion of might
 g - 2 potions of mutation
 i - 2 potions of curing
 l - 3 potions of ambrosia
 n - 4 potions of lignification
 u - 2 potions of agility
 L - 2 potions of flight
 N - a potion of berserk rage
 Q - a potion of resistance
Comestibles
 b - 30 rations
 G - a chunk of flesh


   Skills:
 + Level 9.4 Fighting
 - Level 5.0 Dodging
 * Level 17.5 Unarmed Combat


You had 11 spell levels left.
You didn't know any spells.
Your spell library contained the following spells:

 Spells                   Type           Power        Failure   Level  Hunger
 Magic Dart               Conj           #...         41%         1    ##.....
 Fireball                 Conj/Fire      #.........   100%        5    ######.
 Conjure Flame            Conj/Fire      #.......     78%         3    ####...
 Bolt of Magma            Conj/Fire/Erth #.........   100%        5    ######.
 Slow                     Hex            #.......     54%         2    ###....
 Confuse                  Hex            #.......     78%         3    ####...
 Throw Flame              Conj/Fire      #.....       54%         2    ###....
 Mephitic Cloud           Conj/Pois/Air  #.......     78%         3    ####...
 Venom Bolt               Conj/Pois      #.........   100%        5    ######.
 Summon Small Mammal      Summ           #...         41%         1    ##.....
 Blink                    Tloc           N/A          54%         2    ###....
 Sticky Flame             Conj/Fire      #.......     99%         4    #####..
 Call Imp                 Summ           #.......     54%         2    ###....
 Dispel Undead            Necr           #.......     100%        5    ######.
 Summon Demon             Summ           #.........   100%        5    ######.
 Iron Shot                Conj/Erth      #.........   100%        6    #######
 Agony                    Necr           #.......     100%        5    ######.
 Shadow Creatures         Summ           N/A          100%        6    #######
 Confusing Touch          Hex            #.....       41%         1    ##.....
 Flame Tongue             Conj/Fire      #....        41%         1    ##.....
 Metabolic Englaciation   Hex/Ice        #.........   100%        5    ######.
 Petrify                  Tmut/Erth      #.......     99%         4    #####..
 Orb of Destruction       Conj           #.........   100%        7    #######
 Inner Flame              Hex/Fire       #.......     78%         3    ####...
 Iskenderun's Battlesphe  Conj/Chrm      #.......     100%        5    ######.
 Spellforged Servitor     Conj/Summ      #.........   100%        7    #######
 Gell's Gravitas          Tloc           #.........   78%         3    ####...
 Yara's Violent Unravell  Hex/Tmut       #.........   100%        5    ######.


Dungeon Overview and Level Annotations

Branches:
Dungeon (11/15)              Lair (3/6) D:10         Shoals (1/4) Lair:2
 Spider (0/4) Lair:2
 Temple: D:4-7          Orc: D:9-12

Altars:
Cheibriados
Fedhas
Hepliaklqana
Nemelex Xobeh
Qazlal
Sif Muna
Uskayaw
Vehumet
Xom
The Shining One
Jiyva

Shops:
D:10 (


Innate Abilities, Weirdness & Mutations

You are too large for most types of armour.
You have claws for hands.
Your metabolism is lightning-fast.
You like to eat raw meat.
Your natural rate of healing is unusually fast.
You are covered in fur. (AC +1)
You have very tough skin. (AC +2)
You have a pair of small antennae on your head.
You have very sharp teeth.
You are partially covered in thin metallic scales. (AC +2)
You tend to lose your temper in combat.
You are frail. (-10% HP)
Your magical capacity is low. (-10% MP)


Message History

You scratch the cacodemon.
The cacodemon is almost dead.
You feel sick. The orange demon misses you.
The orange demon completely misses you. The orange demon closely misses you.
The cacodemon hits you. The cacodemon barely misses you.
The large abomination hits you!!
* * * LOW HITPOINT WARNING * * *
The orange demon misses you. The orange demon hits you!
* * * LOW HITPOINT WARNING * * *
You feel as though you will be weak longer.
The orange demon misses you.
Huge Dmg: -29%(-32hp) hp: 19%(21hp)
You feel more agile all of a sudden.
You feel sick. The cacodemon gestures at you.
You are confused.
The orange demon completely misses you. The orange demon closely misses you.
The orange demon barely misses you. The large abomination hits you!!
You die...
Xom titters!

## ####
###.##...###
#####....4.....#
#.. . #.X@.....#
##.#. #..2.....#
##.#..#..4....##
#.# . #......##
# .# . ##...###
..#. #..## #.
##X #### ## .###
#.##


You could see a cacodemon, 2 orange demons and a large abomination.

Vanquished Creatures
  Erolcha (D:9)
  A two-headed ogre (D:11)
  A dancing weapon (Volcano)
  A thrashing horror (Abyss:2)
  The ghost of Scypier the Magician, a novice GnSk of Hepliaklqana (D:8)
  2 sixfirhies (Abyss:2)
  A sea snake (Shoals:1)
  An unseen horror (D:10)
  4 wizards (Volcano)
  3 fauns (Shoals:1)
  A manticore (Shoals:1)
  A cyclops (D:11)
  5 toenail golems (Volcano)
  5 spiny frogs
  A rime drake (Lair:2)
  4 komodo dragons
  A wind drake (Shoals:1)
  3 jumping spiders (Lair:2)
  4 blink frogs (Lair:2)
  5 hippogriffs
  A snapping turtle (Lair:2)
  A snapping turtle (shapeshifter) (D:10)
  3 redbacks (Lair:2)
  A wyvern (D:10)
  A basilisk (Lair:2)
  3 fire bats (Lair:3)
  21 yaks
  7 water moccasins
  2 porcupines (Lair:1)
  2 orc warriors
  An ice beast (D:5)
  3 phantoms
  An eye of draining (D:9)
  3 centaurs
  4 ogres
  4 wolves (Lair:2)
  A boggart (Lair:1)
  6 crocodiles
  A big kobold (D:9)
  11 bullfrogs
  A gnoll sergeant (D:7)
  4 scorpions
  A wyvern skeleton (D:11)
  4 jellies (D:10)
  3 killer bees (D:7)
  An electric eel (Lair:2)
  4 howler monkeys
  7 crimson imps
  A centaur zombie (D:6)
  5 hounds
  4 orc priests
  4 centaur skeletons
  2 bullfrog skeletons (D:9)
  2 iguanas
  2 orc wizards
  6 worker ants
  A hound zombie (D:7)
  A hound skeleton (D:5)
  5 gnolls (D:7)
  6 adders
  2 shadow imps
  An ooze (D:2)
  2 adder skeletons
  2 worms
  4 dart slugs
  4 leopard geckos
  20 orcs
  3 ball pythons
  5 giant cockroaches
  6 goblins
  7 hobgoblins
  13 jackals
  6 kobolds (D:2)
  4 quokkas
  5 bats
  5 frilled lizards
  A jackal skeleton (D:5)
  2 quokka zombies
  4 rats
  3 fungi (D:10)
286 creatures vanquished.

Vanquished Creatures (collateral kills)
  A wizard (Volcano)
1 creature vanquished.

Vanquished Creatures (others)
  3 fungi (D:10)
  A plant (D:10)
4 creatures vanquished.

Grand Total: 291 creatures vanquished

Notes
Turn   | Place    | Note
-------+----------+-------------------------------------------
     0 | D:1      | Lexodia the Troll Chaos Knight began the quest for the Orb.
     0 | D:1      | Reached XP level 1. HP: 22/22 MP: 0/0
    43 | D:1      | Reached XP level 2. HP: 29/29 MP: 1/1
   327 | D:1      | XOM: harmless Hex miscast
   478 | D:1      | XOM: divination: detect creatures
   498 | D:1      | Reached XP level 3. HP: 36/36 MP: 2/2
   839 | D:2      | Found a blossoming altar of Fedhas.
   856 | D:2      | Reached skill level 4 in Unarmed Combat
  1073 | D:2      | XOM: 4-stop teleportation journey
  1080 | D:2      | Reached XP level 4. HP: 38/44 MP: 3/3
  1092 | D:2      | XOM: 8-stop teleportation journey
  1412 | D:3      | XOM: noise
  1516 | D:3      | XOM: harmless Erth miscast
  2202 | D:4      | Found a hide-covered altar of Uskayaw.
  2372 | D:4      | XOM: harmless Hex miscast
  2530 | D:4      | Reached XP level 5. HP: 47/53 MP: 4/4
  2794 | D:4      | XOM is BORED!
  2794 | D:4      | XOM: mild Tloc miscast
  2795 | D:4      | XOM: harmless Fire miscast
  2803 | D:4      | XOM: harmless Conj miscast
  2903 | D:4      | XOM: summons 2 hostile shadow creatures
  2938 | D:5      | Entered Level 5 of the Dungeon
  2994 | D:5      | Reached skill level 5 in Unarmed Combat
  3109 | D:5      | Noticed a centaur
  3110 | D:5      | XOM: harmless Fire miscast
  3130 | D:5      | Killed a centaur
  3130 | D:5      | Reached XP level 6. HP: 21/61 MP: 5/5
  3241 | D:5      | XOM: harmless Summ miscast
  3333 | D:5      | Found a deep blue altar of Sif Muna.
  3333 | D:5      | Found a snail-covered altar of Cheibriados.
  3337 | D:5      | Found a glowing golden altar of the Shining One.
  3337 | D:5      | Found a stormy altar of Qazlal.
  3339 | D:5      | Found a radiant altar of Vehumet.
  3339 | D:5      | Found a sparkling altar of Nemelex Xobeh.
  3377 | D:5      | XOM: noise
  3486 | D:5      | Reached skill level 6 in Unarmed Combat
  3626 | D:5      | Noticed an ice beast
  3627 | D:5      | XOM: silly message
  3634 | D:5      | Killed an ice beast
  3784 | D:5      | XOM: harmless Pois miscast
  3798 | D:6      | XOM: potion effect (might)
  3801 | D:6      | XOM: harmless Necr miscast
  3808 | D:6      | Reached XP level 7. HP: 42/67 MP: 6/6
  3886 | D:6      | Reached skill level 7 in Unarmed Combat
  3932 | D:6      | Huge Dmg: 11 dmg
  3971 | D:6      | XOM: harmless Hex miscast
  3972 | D:6      | Reached skill level 8 in Unarmed Combat
  4031 | D:6      | Gained mutation: Your system is resistant to poisons. (rPois) [potion of mutation]
  4031 | D:6      | Gained mutation: You are somewhat resistant to further mutation. [potion of mutation]
  4032 | D:6      | Lost mutation: You are somewhat resistant to further mutation. [potion of mutation]
  4032 | D:6      | Lost mutation: Your system is resistant to poisons. (rPois) [potion of mutation]
  4032 | D:6      | Gained mutation: You are frail. (-10% HP) [potion of mutation]
  4032 | D:6      | Gained mutation: You are covered in thick fur. (AC +2) [potion of mutation]
  4033 | D:6      | Lost mutation: You are frail. (-10% HP) [potion of mutation]
  4033 | D:6      | Lost mutation: You are covered in thick fur. (AC +2) [potion of mutation]
  4033 | D:6      | Gained mutation: Your spells are a little harder to cast, but a little more powerful. [potion of mutation]
  4033 | D:6      | Gained mutation: You can translocate small distances at will. [potion of mutation]
  4033 | D:6      | Gained mutation: Scrolls take you a little longer to read. [potion of mutation]
  4033 | D:6      | Gained mutation: Your flesh is cold resistant. (rC+) [potion of mutation]
  4034 | D:6      | Lost mutation: Scrolls take you a little longer to read. [potion of mutation]
  4034 | D:6      | Lost mutation: Your spells are a little harder to cast, but a little more powerful. [potion of mutation]
  4034 | D:6      | Lost mutation: You can translocate small distances at will. [potion of mutation]
  4034 | D:6      | Lost mutation: Your flesh is cold resistant. (rC+) [potion of mutation]
  4034 | D:6      | Gained mutation: Your magical capacity is low. (-10% MP) [potion of mutation]
  4034 | D:6      | Gained mutation: You have a pair of small antennae on your head. [potion of mutation]
  4034 | D:6      | Gained mutation: You tend to lose your temper in combat. [potion of mutation]
  4034 | D:6      | Gained mutation: You have very sharp teeth. [potion of mutation]
  4139 | D:6      | XOM: 1-stop teleportation journey
  4305 | D:6      | Reached XP level 8. HP: 75/75 MP: 6/6
  4356 | D:6      | XOM: 2-stop teleportation journey
  4536 | D:7      | Noticed a hippogriff
  4536 | D:7      | XOM: enchant monster (bad)
  4540 | D:7      | Killed a hippogriff
  4540 | D:7      | Reached skill level 9 in Unarmed Combat
  4578 | D:7      | XOM: 1-stop teleportation journey
  4591 | D:7      | XOM: 2-stop teleportation journey
  4608 | D:7      | Reached skill level 10 in Unarmed Combat
  4612 | D:7      | Huge Dmg: 35 dmg
  4651 | D:7      | XOM: god gift: wand of scattershot (6)
  4682 | D:7      | Found a shimmering altar of Xom.
  4763 | D:7      | Found a hazy altar of Hepliaklqana.
  4772 | D:7      | Identified Femas's Papyrus of Evil Rituals and the Escort (Xom gifted it to you on level 7 of the Dungeon)
  4772 | D:7      | XOM: god gift: Femas's Papyrus of Evil Rituals and the Escort
  4842 | D:7      | Reached skill level 11 in Unarmed Combat
  4848 | D:7      | Reached XP level 9. HP: 70/81 MP: 7/7
  4895 | D:7      | Huge Dmg: 40 dmg
  4964 | D:7      | XOM: 1-stop teleportation journey
  5366 | D:8      | Found a runed door.
  5366 | D:8      | Noticed Scypier's ghost (novice GnSk)
  5593 | D:8      | XOM: 4-stop teleportation journey
  5726 | D:8      | XOM: summons 5 friendly demons
  5730 | D:8      | Killed Scypier's ghost
  5730 | D:8      | Reached skill level 12 in Unarmed Combat
  5903 | D:8      | XOM: god gift: robe {god gift}
  5907 | D:8      | XOM is BORED!
  5907 | D:8      | XOM: medium Chrm miscast
  6061 | D:9      | XOM: harmless Erth miscast
  6143 | D:9      | Noticed Erolcha
  6148 | D:9      | Huge Dmg: 45 dmg
  6151 | D:9      | Huge Dmg: 22 dmg
  6152 | D:9      | Huge Dmg: 15 dmg
  6155 | D:9      | Killed Erolcha
  6155 | D:9      | Reached XP level 10. HP: 54/94 MP: 8/8
  6176 | D:9      | Huge Dmg: 15 dmg
  6328 | D:9      | Reached skill level 13 in Unarmed Combat
  6795 | D:10     | Entered Level 10 of the Dungeon
  6878 | D:10     | Reached skill level 5 in Fighting
  6890 | D:10     | XOM: summons friendly crimson imp
  6909 | D:10     | Huge Dmg: 38 dmg
  6935 | D:10     | Found a staircase to the Lair.
  6992 | D:10     | Found a viscous altar of Jiyva.
  6993 | D:10     | XOM: 1-stop teleportation journey
  7038 | D:10     | Found Keudeam's Weapon Shoppe.
  7116 | D:10     | Killed an unseen horror
  7116 | D:10     | Reached skill level 14 in Unarmed Combat
  7177 | D:10     | Noticed an ettin
  7177 | D:10     | a slime creature changed into an ettin
  7177 | D:10     | XOM: polymorph slime creature -> ettin
  7178 | D:10     | Noticed a satyr
  7178 | D:10     | an ettin changed into a satyr
  7181 | D:10     | Noticed a two-headed ogre
  7181 | D:10     | a satyr changed into a two-headed ogre
  7184 | D:10     | Noticed a mana viper
  7184 | D:10     | a two-headed ogre changed into a mana viper
  7186 | D:10     | a mana viper changed into a snapping turtle
  7328 | D:10     | XOM: noise
  7485 | D:11     | Noticed a cyclops
  7485 | D:11     | Noticed a two-headed ogre
  7489 | D:11     | Huge Dmg: 23 dmg
  7491 | D:11     | Killed a two-headed ogre
  7492 | D:11     | Huge Dmg: 18 dmg
  7493 | D:11     | Reached XP level 11. HP: 55/107 MP: 8/8
  7494 | D:11     | XOM: divination: detect creatures
  7496 | D:11     | Huge Dmg: 26 dmg
  7701 | Lair:1   | Entered Level 1 of the Lair of Beasts
  7754 | Lair:1   | Reached skill level 15 in Unarmed Combat
  7811 | Lair:1   | Huge Dmg: 26 dmg
  7815 | Lair:1   | XOM: fake destruction
  7867 | Lair:1   | Huge Dmg: 47 dmg
  7884 | Lair:1   | Noticed a four-headed hydra
  7887 | Lair:1   | XOM: 8-stop teleportation journey
  7905 | Lair:1   | Huge Dmg: 22 dmg
  7906 | Lair:1   | Huge Dmg: 23 dmg
  7917 | Lair:1   | Huge Dmg: 27 dmg
  7918 | Lair:1   | XOM: scenery: create altars
  7920 | Lair:1   | XOM: potion effect (haste)
  7922 | Lair:1   | XOM: summons friendly iron imp
  7925 | Lair:1   | XOM: summons 5 friendly demons
  7929 | Lair:1   | XOM: fake destruction
  8100 | Lair:1   | XOM: polymorph bullfrog -> boggart
  8212 | Lair:1   | XOM: enchant monster (bad)
  8576 | Lair:2   | XOM: polymorph spiny frog -> rime drake
  8582 | Lair:2   | XOM: polymorph wolf -> hound
  8585 | Lair:2   | XOM: swap monsters
  8594 | Lair:2   | XOM: god gift: plate armour {god gift}
  8611 | Lair:2   | Huge Dmg: 54 dmg
  8622 | Lair:2   | XOM: mild Summ miscast
  8628 | Lair:2   | Huge Dmg: 37 dmg
  8694 | Lair:2   | XOM: confuse monster(s)
  8696 | Lair:2   | XOM: confuse monster(s)
  8719 | Lair:2   | XOM: medium Hex miscast
  8724 | Lair:2   | Huge Dmg: 52 dmg
  8761 | Lair:2   | XOM: smoke on damage
  8787 | Lair:2   | Reached skill level 16 in Unarmed Combat
  8821 | Lair:2   | XOM: swap monsters
  8846 | Lair:2   | Found a hole to the Spider Nest.
  8861 | Lair:2   | Reached XP level 12. HP: 86/119 MP: 9/9
  9120 | Lair:2   | Found a staircase to the Shoals.
  9132 | Shoals:1 | Entered Level 1 of the Shoals
  9139 | Shoals:1 | Huge Dmg: 20 dmg
  9143 | Shoals:1 | Huge Dmg: 11 dmg
  9148 | Shoals:1 | Huge Dmg: 11 dmg
  9152 | Shoals:1 | Huge Dmg: 10 dmg
  9270 | Lair:2   | XOM: give mutations
  9270 | Lair:2   | Lost mutation: Your magical capacity is low. (-10% MP) [Xom's mischief]
  9270 | Lair:2   | Gained mutation: You are frail. (-10% HP) [Xom's mischief]
  9270 | Lair:2   | Gained mutation: You are partially covered in thin metallic scales. (AC +2) [Xom's mischief]
  9545 | Lair:3   | XOM: stat loss: -1 Int (7/8)
  9550 | Lair:3   | Huge Dmg: 25 dmg
  9636 | Lair:3   | Found a dark tunnel.
  9647 | Volcano  | Entered a volcano
  9650 | Volcano  | XOM: summons 2 friendly demons
  9651 | Volcano  | XOM: blink monster(s)
  9653 | Volcano  | Reached skill level 5 in Dodging
  9679 | Volcano  | XOM: harmless Summ miscast
  9705 | Volcano  | Reached skill level 17 in Unarmed Combat
  9766 | Volcano  | XOM: 2-stop teleportation journey
  9777 | Volcano  | XOM: 3-stop teleportation journey
  9842 | Volcano  | XOM: severe Summ miscast
  9842 | Volcano  | Cast into level 2 of the Abyss (the severe capriciousness of Xom)
  9945 | Abyss:2  | Noticed a cacodemon
  9945 | Abyss:2  | XOM: potion effect (agility)
  9949 | Abyss:2  | Huge Dmg: 44 dmg
  9949 | Abyss:2  | XOM: summons friendly ufetubus
  9956 | Abyss:2  | XOM: blink monster(s)
  9961 | Abyss:2  | Gained mutation: Your magical capacity is low. (-10% MP) [a cacodemon]
  9965 | Abyss:2  | Huge Dmg: 16 dmg
  9966 | Abyss:2  | Huge Dmg: 32 dmg
  9966 | Abyss:2  | Mangled by a large abomination

Vault maps used:
D:1:      dpeg_arrival_boxorama, grunt_decor_resistance,
          minmay_tree_intersection, minmay_misc_feat_ornament
D:2:      solitary_fountain, minmay_misc_feat_doors, fedhas_altar_3
D:4:      wad_woods_pond, nicolae_overflow_hidden_temple, solitary_fountain,
          minmay_misc_feat_columns
D:5:      grunt_temple_overflow_open, first_ration, minivault_23,
          glass_columns_a
D:6:      minmay_temple_entry_from_below_a
D:7:      kennysheep_mini, kennysheep_little_box
D:8:      hellmonk_ghost_happy_afterlife
D:9:      blue_anna_alchemist, uniq_erolcha
D:10:     grunt_lair_entry_orc_guard_hut, serial_shops, kennysheep_mini_moat,
          jiyva_altar_1
D:11:     orc_0_dummy
Lair:2:   minmay_shoals_entry_hut, nicolae_spider_entry_tight_spaces,
          patterned_corridor, serial_bayou_shore_b
Lair:3:   nicolae_volcano_entry_batcave, portal_ice_cave_rime, minivault_27,
          columned_hall_lemuel, serial_bayou_shore_b
Shoals:1: uniq_roxanne
Volcano:  volcano_bunker

Skill      XL: |  1  2  3  4  5  6  7  8  9 10 11 12 |
---------------+-------------------------------------+-----
Dodging        | 2 3 4 5 |  5.0
Unarmed Combat | 4 5 6 8 11 12 14 16 17 | 17.5
Fighting       | 3 4 6 8 9 |  9.4

Action                   |  1- 3 |  4- 6 |  7- 9 | 10-12 || total
-------------------------+-------+-------+-------+-------++-------
Melee: Unarmed           |   108 |   164 |   202 |   435 ||   909
       Punch             |     1 |     2 |    12 |    28 ||    43
       Bite              |       |       |     9 |    41 ||    50
Throw: Large rock        |       |       |       |     2 ||     2
  Use: Scroll            |       |       |     6 |    17 ||    23
       Potion            |       |       |     8 |     9 ||    17
 Stab: Sleeping          |       |     2 |     1 |       ||     3
       Confused          |       |       |       |     6 ||     6
       Distracted        |       |       |       |     1 ||     1
  Eat: Chunk             |    10 |    30 |    18 |    38 ||    96
Armor: Robe              |    47 |    49 |    16 |    53 ||   165
       Skin              |       |       |     1 |     1 ||     2
Dodge: Dodged            |    44 |    79 |   154 |   351 ||   628

Table legend:
 A = Spawn XP
 B = Non-spawn XP
 C = Spawn XP percentage of total XP
 D = Spawn monster count
 E = Non-spawn monster count
 F = Spawn count percentage of total count
 G = Total turns spent on level
                    A         B        C        D         E        F      G
               +---------+---------+-------+---------+---------+-------+---------
         Total |    1540 |   36224 |   4.1 |       2 |     282 |   0.7 |  9966
               +---------+---------+-------+---------+---------+-------+---------
           D:1 |       0 |      46 |   0.0 |       0 |      23 |   0.0 |   772
           D:2 |       0 |      79 |   0.0 |       0 |      25 |   0.0 |   640
           D:3 |       0 |      10 |   0.0 |       0 |       7 |   0.0 |   628
           D:4 |       0 |     100 |   0.0 |       0 |      10 |   0.0 |   898
           D:5 |       0 |     476 |   0.0 |       0 |      24 |   0.0 |   857
           D:6 |       0 |     735 |   0.0 |       0 |      15 |   0.0 |   741
           D:7 |       0 |    1486 |   0.0 |       0 |      31 |   0.0 |   652
           D:8 |       0 |    1457 |   0.0 |       0 |      15 |   0.0 |   794
           D:9 |       0 |    1943 |   0.0 |       0 |      17 |   0.0 |   815
          D:10 |       0 |    3677 |   0.0 |       0 |      27 |   0.0 |   831
          D:11 |       0 |    1801 |   0.0 |       0 |       5 |   0.0 |    73
        Lair:1 |       0 |    4958 |   0.0 |       0 |      22 |   0.0 |   825
        Lair:2 |       0 |    6519 |   0.0 |       0 |      31 |   0.0 |   951
        Lair:3 |       0 |    2401 |   0.0 |       0 |      12 |   0.0 |   116
      Shoals:1 |       0 |    3156 |   0.0 |       0 |       6 |   0.0 |    54
       Abyss:2 |    1540 |     837 |  64.8 |       2 |       1 |  66.7 |   124
       Volcano |       0 |    6543 |   0.0 |       0 |      11 |   0.0 |   195
               +---------+---------+-------+---------+---------+-------+---------
